AoeStats
← SaBaLeRo

Arabia

510080282Analyzed
1v1 RM · 4d ago on Sep 29, 2026· 62m 49s· 2 players
Game mode
Random Map
Map size
Tiny (2 player)
Population
200
Speed
Normal
Resources
Standard
Victory
Conquest
Starting age
Dark Age
Ending age
Imperial Age
RankedLock teamsTeams togetherTeam positionsShared explorationLock speedFull tech treeHidden civsTurbo modeCheats
Victory
Defeat
🇷🇺 Magyars · Russia
1186
+15
🇦🇷 Poles · Argentina
1173
-15
SaBaLeRo
7:49 Loom
10:56 Feudal Age
11:47 Double-Bit Axe
12:24 Horse Collar
20:24 Castle Age
18:59 Gold Mining
19:48 Scale Barding Armor
20:18 Bloodlines
20:19 Forging
21:59 Bow Saw
21:49 Heavy Plow
22:06 Husbandry
27:02 Fletching
27:34 Chain Barding Armor
27:37 Town Watch
28:28 Wheelbarrow
31:59 Town Patrol
33:32 Bodkin Arrow
34:13 Iron Casting
34:13 Hand Cart
36:55 Imperial Age
37:04 Imperial Age
36:06 Stone Mining
37:12 Cavalier
38:53 Blast Furnace
38:57 Crop Rotation
46:14 Conscription
46:06 Elite Obuch
46:47 Scale Mail Armor
49:26 Light Cavalry
50:23 Winged Hussar
56:07 Hoardings
61:26 Hoardings
Gl_classic
5:44 Loom
8:54 Feudal Age
20:28 Castle Age
18:36 Horse Collar
19:13 Double-Bit Axe
19:22 Fletching
20:26 Bloodlines
22:00 Bodkin Arrow
23:40 Scale Barding Armor
25:11 Padded Archer Armor
29:27 Wheelbarrow
29:59 Heavy Plow
37:08 Imperial Age
34:58 Leather Archer Armor
35:26 Corvinian Army
37:29 Chain Barding Armor
37:32 Thumb Ring
37:30 Pikeman
39:13 Bracer
40:05 Hand Cart
40:45 Plate Barding Armor
41:22 Bow Saw
42:15 Chemistry
43:18 Parthian Tactics
43:09 Halberdier
45:51 Scale Mail Armor
46:55 Chain Mail Armor
47:32 Conscription
46:37 Heavy Cavalry Archer
49:11 Crop Rotation
49:15 Ring Archer Armor
49:42 Recurve Bow
51:20 Ballistics
50:58 Man-at-Arms
52:54 Elite Magyar Huszar
54:54 Gold Mining
54:55 Stone Mining
56:08 Two-Man Saw
58:26 Siege Engineers
Connection lost

Rejoining the realm…

Still unreachable

The connection could not be restored.

Session expired

The server has moved on; the page needs a fresh start.